 Dungeon Crawl Stone Soup version 0.21.0-3-g78d12a8 (webtiles) character file.

189 tilp the Conjurer (level 5, -9/38 HPs)
             Began as a Draconian Conjurer on Jan 9, 2018.
             Mangled by an ogre
             ... wielding a +0 giant club
              (23 damage)
             ... on level 4 of the Dungeon.
             The game lasted 00:09:03 (3289 turns).

tilp the Conjurer (Draconian Conjurer)              Turns: 3289, Time: 00:09:03

Health: -9/38      AC:  5    Str: 10    XL:     5   Next: 40%
Magic:  3/8        EV: 12    Int: 16    God:
Gold:   128        SH:  0    Dex: 12    Spells: 5/8 levels left

rFire    . . .     SeeInvis .   g - +1 dagger
rCold    . . .     Gourm    .   (no shield)
rNeg     . . .     Faith    .   (armour unavailable)
rPois    .         Spirit   .   (helmet restricted)
rElec    .         Reflect  .   (no cloak)
rCorr    .         Harm     .   (no gloves)
MR       .....                  (no boots)
Stlth    ++........             (no amulet)
HPRegen  0.12/turn              (no ring)
MPRegen  0.11/turn              (no ring)

@: no status effects
A: unfitting armour, cold-blooded, AC +5
a: no special abilities


You were on level 4 of the Dungeon.
You were not hungry.

You visited 1 branch of the dungeon, and saw 4 of its levels.

You collected 128 gold pieces.

Inventory:

Hand Weapons
 g - a +1 dagger (weapon)
 o - a +2 mace of holy wrath
Missiles
 p - 42 arrows
 q - 46 sling bullets
 w - 67 stones (quivered)
Armour
 u - a scarf of spirit shield
Jewellery
 f - a +3 ring of intelligence {unknown}
Wands
 z - a wand of acid (10)
Scrolls
 h - 3 scrolls of teleportation
 k - 2 scrolls of enchant weapon
 n - 3 scrolls of remove curse
 s - a scroll of fear
Potions
 c - 3 potions of mutation
 d - a potion of brilliance
 e - 5 potions of curing
 i - a potion of flight
 j - a potion of cancellation
 l - a potion of lignification {unknown}
 m - a potion of might {unknown}
 t - a potion of resistance {unknown}
 A - a potion of heal wounds {unknown}
Books
 a - a book of Conjurations

   Spells                             Type                      Level
   a - Magic Dart                     Conjuration                  1
   b - Searing Ray                    Conjuration                  2
   c - Dazzling Spray                 Conjuration/Hexes            3
   d - Fulminant Prism                Conjuration/Hexes            4
   e - Force Lance                    Conjuration/Translocation    4
   f - Iskenderun's Mystic Blast      Conjuration                  4
Comestibles
 b - 10 rations
 r - a chunk of flesh


   Skills:
 - Level 1.7 Dodging
 - Level 1.7 Stealth
 - Level 2.0 Spellcasting
 + Level 6.7 Conjurations


You had 5 spell levels left.
You knew the following spells:

 Your Spells              Type           Power        Failure   Level  Hunger
a - Magic Dart            Conj           ###.         1%          1    #......
b - Searing Ray           Conj           ###...       1%          2    ###....


Dungeon Overview and Level Annotations

Branches:
Dungeon (4/15)
 Temple: D:4-7

Altars:
Ashenzari
Cheibriados
Kikubaaqudgha
Nemelex Xobeh
Sif Muna
Uskayaw


Innate Abilities, Weirdness & Mutations

Your plain brown scales are hard. (AC +5)
You cannot fit into any form of body armour.
You are cold-blooded and may be slowed by cold attacks.


Message History

The ogre is lightly wounded.
The ogre shouts! (Press . to maintain the ray.)
The searing ray hits the ogre.
The ogre is moderately wounded.
The ogre hits you with a giant club!!
Ouch! That really hurt!
The searing ray hits the ogre.
The ogre is severely wounded.
You finish channeling your searing ray.
Aiming: Corrosive Bolt
Press: ? - help, Shift-Dir - straight line, f/p - ogre
Aim: an ogre, wielding a giant club (severely wounded)
The bolt of acid misses the ogre.
The ogre hits you with a giant club.
You hit the ogre.
You tail-slap the ogre, but do no damage.
The ogre is severely wounded.
The ogre hits you with a giant club!!
Ouch! That really hurt!
You die...

...#*###*****,,,,*,,,,,,*,,,,,*,,
...#,,,,,,,,,....#,,,,,,+,,,,,*,,
...###,,,,,**#...#,,,,,,***,,****
.....#**+***##...#,,,,,,,,*,,****
.....#,,,,,,,....+,,,,,,,,*,,,,,*
.....#,,,,,,,,[..#,,,,,,,,*,,,,,*
.....#,,,,,,,,,..#,,,,,,,,+,,,,,*
.....###########O#,,,,,,,,***,,**
####...........#@######,,,,,****
,,,#.).........'......#,,,,,*
,,,#...........#......#,,,,,*
,,,#...........#......#,,,,,*
,,,#.>.........#......#,,,,,*
,,,#...........#......#,,,,,*
,,*#...........######.#,,,,,*
**####'###'###......###******
#.....#....#......#


You could see an ogre.

Vanquished Creatures
  A scorpion (D:4)
  A hound skeleton (D:4)
  4 adders
  2 dart slugs (D:1)
  A worm (D:3)
  3 leopard geckos
  2 orcs (D:3)
  8 giant cockroaches
  15 goblins
  7 hobgoblins
  3 jackals (D:1)
  7 kobolds
  A quokka (D:3)
  2 ball pythons (D:3)
  3 bats
  8 frilled lizards
  8 rats
76 creatures vanquished.

Notes
Turn   | Place    | Note
-------+----------+-------------------------------------------
     0 | D:1      | tilp the Draconian Conjurer began the quest for the Orb.
     0 | D:1      | Reached XP level 1. HP: 14/14 MP: 3/3
   179 | D:1      | Reached XP level 2. HP: 6/20 MP: 1/5
   188 | D:1      | Learned a level 2 spell: Searing Ray
   652 | D:1      | Reached skill level 5 in Conjurations
   682 | D:1      | Reached XP level 3. HP: 22/26 MP: 1/6
  1351 | D:2      | Found a shattered altar of Ashenzari.
  1447 | D:2      | Reached XP level 4. HP: 30/33 MP: 3/7
  1713 | D:2      | Found a sparkling altar of Nemelex Xobeh.
  1914 | D:2      | Found an ancient bone altar of Kikubaaqudgha.
  1914 | D:2      | Found a deep blue altar of Sif Muna.
  1999 | D:2      | Found a hide-covered altar of Uskayaw.
  2400 | D:3      | Reached skill level 6 in Conjurations
  2812 | D:3      | Found a snail-covered altar of Cheibriados.
  3161 | D:4      | Found a deep blue altar of Sif Muna.
  3172 | D:4      | Reached XP level 5. HP: 34/38 MP: 8/8
  3283 | D:4      | Noticed an ogre
  3289 | D:4      | Mangled by an ogre

Skill      XL: |  1  2  3  4 |
---------------+-------------+-----
Conjurations   | 5 6 |  6.7
Dodging        | |  1.7
Stealth        | |  1.7
Spellcasting   | |  2.0

Action                   |  1- 3 |  4- 6 || total
-------------------------+-------+-------++-------
Melee: Hand axe          |    15 |       ||    15
       Dagger            |    76 |    67 ||   143
       Tailslap          |    11 |     9 ||    20
 Cast: Magic Dart        |    41 |    19 ||    60
       Searing Ray       |     2 |     7 ||     9
Evoke: Wand              |       |     1 ||     1
  Use: Scroll            |       |    12 ||    12
 Stab: Sleeping          |     4 |     4 ||     8
  Eat: Chunk             |     2 |     7 ||     9
Armor: Skin              |    39 |    32 ||    71
Dodge: Dodged            |    55 |    45 ||   100
